 Dungeon Crawl Stone Soup version 0.22-a0-601-gb0ed703 (webtiles) character file.

1686 galech the Skirmisher (level 9, -4/93 HPs)
             Began as an Ogre Berserker on July 6, 2018.
             Was a Priest of Trog.
             Killed by divine providence
             ... invoked by an orc priest
              (8 damage)
             ... on level 6 of the Dungeon.
             The game lasted 00:07:17 (5941 turns).

galech the Skirmisher (Ogre Berserker)              Turns: 5941, Time: 00:07:18

Health: -4/93      AC:  4    Str: 23    XL:     9   Next: 2%
Magic:  9/9        EV:  8    Int:  8    God:    Trog [***...]
Gold:   351        SH: 15    Dex: 11    Spells: 8/8 levels left

rFire    . . .     SeeInvis .   a - +0 mace
rCold    . . .     Gourm    .   e - +0 large shield
rNeg     . . .     Faith    .   b - +0 animal skin
rPois    .         Spirit   .   (helmet restricted)
rElec    .         Reflect  .   x - +0 cloak
rCorr    .         Harm     .   (gloves unavailable)
MR       .....                  (boots unavailable)
Stlth    ++........             (no amulet)
HPRegen  0.25/turn              (no ring)
MPRegen  0.11/turn              (no ring)

@: berserk cooldown, slowed, very slow
A: large, unfitting armour, tough skin 1
a: Berserk, Trog's Hand, Renounce Religion


You were on level 6 of the Dungeon.
You worshipped Trog.
Trog was most pleased with you.
You were not hungry.

You visited 1 branch of the dungeon, and saw 6 of its levels.

You collected 351 gold pieces.

Inventory:

Hand Weapons
 a - a +0 mace (weapon)
Armour
 b - a +0 animal skin (worn)
 e - a +0 large shield (worn)
 x - a +0 cloak (worn)
Scrolls
 d - 3 scrolls of fog {unknown}
 h - 3 scrolls of remove curse
 i - a scroll of blinking {unknown}
 j - 3 scrolls of teleportation {unknown}
 k - a scroll of fear {unknown}
 n - 7 scrolls of identify {unknown}
 p - a scroll of amnesia {unknown}
 t - 3 scrolls of noise {unknown}
 w - a scroll of magic mapping {unknown}
Potions
 f - a potion of haste {unknown}
 g - a potion of berserk rage {unknown}
 l - 2 potions of flight {unknown}
 m - 2 potions of curing {unknown}
 o - a potion of mutation {unknown}
 q - a potion of lignification {unknown}
 r - a potion of might {unknown}
 s - a potion of degeneration {unknown}
 v - 5 potions of brilliance {unknown}
Comestibles
 c - 6 rations


   Skills:
 + Level 7.1 Fighting
 + Level 6.4 Maces & Flails
 + Level 5.2 Dodging
 + Level 1.8 Stealth
 + Level 5.0 Shields


You had 8 spell levels left.
You didn't know any spells.
Your spell library was empty.

Dungeon Overview and Level Annotations

Branches:
Dungeon (6/15)
 Temple: D:4-7

Altars:
Gozag
Vehumet


Innate Abilities, Weirdness & Mutations

You are too large for most types of armour.
You have tough skin. (AC +1)


Message History

You kill the centaur!
Trog accepts your kill.
Your Shields skill increases to level 5!
You have reached level 9!
Your experience leads to an increase in your attributes!
Your base attributes are Str 22, Int 8, Dex 10.
Increase (S)trength, (I)ntelligence, or (D)exterity?
You feel agile.
You feel stronger. You block the orc priest's attack.
You sock the orc priest!
The orc priest is heavily wounded.
You block the orc's attack.
You sock the orc priest!
The orc priest is almost dead.
You are no longer berserk.
You are exhausted.
You feel yourself slow down.
The orc priest calls down the wrath of Beogh upon you.
Beogh smites you!
You die...

##### #... ...# #..# ...
### #..# ... #.. ..# #.#
#.# #.# #.# #.# #
#.#####.# #.#
#.###.......######.#
#.o@).............[#
......)o."...###########
##############


You could see an orc priest and an orc.

Vanquished Creatures
  Eustachio (D:5)
  An ice beast (D:5)
  2 sky beasts (D:6)
  A centaur (D:6)
  2 ogres
  A bullfrog (D:6)
  3 scorpions (D:5)
  2 crimson imps
  A hound (D:5)
  2 gnoll shamans
  2 orc priests
  A jelly (D:5)
  2 orc wizards
  Jessica (D:2)
  A centaur skeleton (D:5)
  2 iguanas
  3 worker ants
  A worker ant zombie (D:5)
  14 gnolls
  8 adders
  3 oozes
  An adder zombie (D:5)
  4 leopard geckos
  10 orcs
  2 bats
  5 giant cockroaches
  4 goblins
  13 hobgoblins
  2 jackals (D:5)
  3 quokkas
  2 ball pythons
  3 frilled lizards
  4 kobolds
  A quokka skeleton (D:4)
  4 rats
112 creatures vanquished.

Notes
Turn   | Place    | Note
-------+----------+-------------------------------------------
     0 | D:1      | galech the Ogre Berserker began the quest for the Orb.
     0 | D:1      | Reached XP level 1. HP: 24/24 MP: 1/1
   210 | D:1      | Reached XP level 2. HP: 32/32 MP: 2/2
   634 | D:2      | Reached XP level 3. HP: 38/40 MP: 3/3
   829 | D:2      | Reached ** piety under Trog
   946 | D:2      | Found a faded altar of an unknown god.
   974 | D:2      | Noticed Jessica
  1000 | D:2      | Killed Jessica
  1000 | D:2      | Reached skill level 1 in Shields
  1000 | D:2      | Reached XP level 4. HP: 37/49 MP: 4/4
  1999 | D:3      | Reached skill level 5 in Fighting
  2085 | D:3      | Reached XP level 5. HP: 25/57 MP: 5/5
  2346 | D:4      | Found an opulent altar of Gozag.
  3165 | D:4      | Reached XP level 6. HP: 66/66 MP: 6/6
  3713 | D:4      | Reached XP level 7. HP: 72/72 MP: 7/7
  4066 | D:5      | Entered Level 5 of the Dungeon
  4078 | D:5      | Reached skill level 1 in Stealth
  4294 | D:5      | Reached *** piety under Trog
  4695 | D:5      | Reached skill level 5 in Maces & Flails
  4777 | D:5      | Noticed Eustachio
  4790 | D:5      | Killed Eustachio
  4790 | D:5      | Reached skill level 6 in Fighting
  4790 | D:5      | Reached XP level 8. HP: 83/83 MP: 8/8
  5714 | D:6      | Found a radiant altar of Vehumet.
  5763 | D:6      | Reached skill level 5 in Dodging
  5827 | D:6      | Reached skill level 7 in Fighting
  5937 | D:6      | HP: 4/130 [centaur (3)]
  5939 | D:6      | Reached skill level 5 in Shields
  5939 | D:6      | Reached XP level 9. HP: 5/93 MP: 9/9
  5941 | D:6      | Killed from afar by an orc priest

Vault maps used:
D:1:      dpeg_arrival_rooms_c
D:2:      chequers_ecumenical_altar_simple, kennysheep_generic_room_4,
          uniq_jessica
D:4:      dk_noncrumbling_4, nicolae_gozag_seed_capital
D:5:      first_ration, uniq_eustachio
D:6:      lemuel_doored_altar, basic_altar, minmay_misc_feat_alley

Skill      XL: |  1  2  3  4  5  6  7  8 |
---------------+-------------------------+-----
Dodging        | 3 4 5 |  5.2
Maces & Flails | 3 4 5 6 |  6.4
Shields        | 1 2 4 5 |  5.0
Fighting       | 5 6 7 |  7.1
Stealth        | 1 |  1.8

Action                   |  1- 3 |  4- 6 |  7- 9 || total
-------------------------+-------+-------+-------++-------
Melee: Mace              |   114 |   170 |   247 ||   531
Invok: Berserk           |     1 |     5 |     9 ||    15
       Trog's Hand       |       |       |     2 ||     2
  Use: Scroll            |       |     1 |       ||     1
 Stab: Sleeping          |       |     1 |     5 ||     6
  Eat: Chunk             |     2 |     9 |    11 ||    22
       Ration            |       |     1 |     2 ||     3
Armor: Animal skin       |    42 |    24 |    32 ||    98
Dodge: Dodged            |    34 |    24 |    62 ||   120
Block: Large shield      |    70 |   130 |   205 ||   405

Table legend:
 A = Spawn XP
 B = Non-spawn XP
 C = Spawn XP percentage of total XP
 D = Spawn monster count
 E = Non-spawn monster count
 F = Spawn count percentage of total count
 G = Total turns spent on level
                    A         B        C        D         E        F      G
               +---------+---------+-------+---------+---------+-------+---------
         Total |       0 |    2409 |   0.0 |       0 |     112 |   0.0 |  5941
               +---------+---------+-------+---------+---------+-------+---------
           D:1 |       0 |      31 |   0.0 |       0 |      14 |   0.0 |   614
           D:2 |       0 |      95 |   0.0 |       0 |      18 |   0.0 |   874
           D:3 |       0 |      90 |   0.0 |       0 |      16 |   0.0 |  1463
           D:4 |       0 |     431 |   0.0 |       0 |      22 |   0.0 |  1115
           D:5 |       0 |    1100 |   0.0 |       0 |      28 |   0.0 |  1406
           D:6 |       0 |     662 |   0.0 |       0 |      14 |   0.0 |   469
               +---------+---------+-------+---------+---------+-------+---------
